3A
MT. VERNON BULLS @ LOUISIANA DRAGOONS
06/09/2034
 
TOP OF THE 1ST
Mt. Vernon Bulls batting - Pitching for Louisiana Dragoons : RHP Ricardo Ferreira
Pitching: RHP Ricardo Ferreira
Batting: RHB Ionut Tintoaca 0-0: Foul Ball, location: 2F
0-1: Swinging Strike
0-2: SINGLE (Line Drive, 56D)
Batting: RHB Kamakakoa Kaponianani 0-0: Foul Ball, location: 2F
0-1: Swinging Strike
0-2: Strikes out swinging
Batting: LHB Tomás Muinos 0-0: Called Strike
0-1: Ball
1-1: Called Strike
1-2: Foul Ball, location: 2F
1-2: Ball
2-2: Foul Ball, location: 2F
2-2: Strikes out swinging
Batting: RHB Bailey Gribbins 0-0: Ball
1-0: Called Strike
1-1: Ball
2-1: Fielders Choice at 2nd, 6-4 (Groundball, 6)
Top of the 1st over - 0 runs, 1 hit, 0 errors, 1 left on base; Mt. Vernon 0 - Louisiana 0
BOTTOM OF THE 1ST
Louisiana Dragoons batting - Pitching for Mt. Vernon Bulls : LHP Abdul-Nasir Rabah
Pitching: LHP Abdul-Nasir Rabah
Batting: LHB Carlos Barrera 0-0: Swinging Strike
0-1: Ball
1-1: Swinging Strike
1-2: SINGLE (Groundball, 4S) (infield hit)
Batting: LHB Javier Seco 0-0: Fly out, F7 (Flyball, 7S)
Batting: SHB Francisco Enríquez 0-0: Swinging Strike
0-1: Swinging Strike
0-2: Ball
1-2: SINGLE (Line Drive, 4MD)
Carlos Barrera to second
Runner from 2nd tries for 3rd, SAFE, no throw
Batting: LHB Pancho González 0-0: Foul Ball, location: 2F
0-1: Hit by Pitch
Francisco Enríquez to second
Batting: RHB Richello Oliva 0-0: Foul Ball, location: 2F
0-1: Fly out, F3 (Line Drive, 34)
Batting: RHB Spencer Gamble 0-0: Foul Ball, location: 2F
0-1: Ball
1-1: Ground out 5-3 (Groundball, 5S)
Bottom of the 1st over - 0 runs, 2 hits, 0 errors, 3 left on base; Mt. Vernon 0 - Louisiana 0
TOP OF THE 2ND
Mt. Vernon Bulls batting - Pitching for Louisiana Dragoons : RHP Ricardo Ferreira
Batting: RHB Modesto González 0-0: Ground out 6-3 (Groundball, 6MS)
Batting: RHB Tony Cardenas 0-0: Foul Ball, location: 2F
0-1: Foul Ball, location: 2F
0-2: Ball
1-2: Ball
2-2: Fly out, F9 (Line Drive, 9)
Batting: SHB Roy Snider 0-0: Called Strike
0-1: Called Strike
0-2: Strikes out swinging
Top of the 2nd over - 0 runs, 0 hits, 0 errors, 0 left on base; Mt. Vernon 0 - Louisiana 0
BOTTOM OF THE 2ND
Louisiana Dragoons batting - Pitching for Mt. Vernon Bulls : LHP Abdul-Nasir Rabah
Batting: RHB Toyoshige Ine 0-0: Ball
1-0: SINGLE (Line Drive, 78M)
Batting: LHB Walt Trombly 0-0: Ball
1-0: Ball
2-0: Called Strike
2-1: Called Strike
2-2: Fielders Choice at 2nd, 1-4 (Groundball, 15S)
Batting: RHB Jaime Martínez 0-0: Called Strike
0-1: Ball
1-1: Grounds into double play, 4-6-3 (Groundball, 34)
Bottom of the 2nd over - 0 runs, 1 hit, 0 errors, 0 left on base; Mt. Vernon 0 - Louisiana 0
TOP OF THE 3RD
Mt. Vernon Bulls batting - Pitching for Louisiana Dragoons : RHP Ricardo Ferreira
Batting: RHB Hsin-ping Teoh 0-0: Ball
1-0: Ball
2-0: Ball
3-0: Called Strike
3-1: Ground out 6-3 (Groundball, 56)
Batting: RHB Jiao-long Xú 0-0: Foul Ball, location: 2F
0-1: Fly out, F7 (Flyball, 78M)
Batting: RHB Ionut Tintoaca 0-0: Ball
1-0: Swinging Strike
1-1: Foul Ball, location: 2F
1-2: Ball
2-2: Foul Ball, location: 2F
2-2: Strikes out swinging
Top of the 3rd over - 0 runs, 0 hits, 0 errors, 0 left on base; Mt. Vernon 0 - Louisiana 0
BOTTOM OF THE 3RD
Louisiana Dragoons batting - Pitching for Mt. Vernon Bulls : LHP Abdul-Nasir Rabah
Batting: LHB Carlos Barrera 0-0: Fly out, F6 (Popup, 6M)
Batting: LHB Javier Seco 0-0: Called Strike
0-1: Ball
1-1: Ground out 1-3 (Groundball, 13S)
Batting: SHB Francisco Enríquez 0-0: Ball
1-0: Called Strike
1-1: Foul Ball, location: 2F
1-2: Foul Ball, location: 2F
1-2: Ball
2-2: Ground out 6-3 (Groundball, 6)
Bottom of the 3rd over - 0 runs, 0 hits, 0 errors, 0 left on base; Mt. Vernon 0 - Louisiana 0
TOP OF THE 4TH
Mt. Vernon Bulls batting - Pitching for Louisiana Dragoons : RHP Ricardo Ferreira
Batting: RHB Kamakakoa Kaponianani 0-0: Ball
1-0: Called Strike
1-1: Called Strike
1-2: Strikes out swinging
Batting: LHB Tomás Muinos 0-0: Foul Ball, location: 2F
0-1: DOUBLE (Flyball, 78D)
Batting: RHB Bailey Gribbins 0-0: Ball
1-0: Ball
2-0: Called Strike
2-1: Fly out, F4 (Flyball, 34D)
Batting: RHB Modesto González 0-0: Ball
1-0: Ball
2-0: Called Strike
2-1: Fly out, F7 (Flyball, 7LS)
Top of the 4th over - 0 runs, 1 hit, 0 errors, 1 left on base; Mt. Vernon 0 - Louisiana 0
BOTTOM OF THE 4TH
Louisiana Dragoons batting - Pitching for Mt. Vernon Bulls : LHP Abdul-Nasir Rabah
Batting: LHB Pancho González 0-0: Ground out U3 (Groundball, 3)
Batting: RHB Richello Oliva 0-0: Ball
1-0: Ball
2-0: Ball
3-0: Called Strike
3-1: Ground out 6-3 (Groundball, 6M)
Batting: RHB Spencer Gamble 0-0: Ball
1-0: Ball
2-0: Called Strike
2-1: Swinging Strike
2-2: Ball
3-2: Foul Ball, location: 2F
3-2: Foul Ball, location: 2F
3-2: Foul Ball, location: 2F
3-2: Foul Ball, location: 2F
3-2: Foul Ball, location: 2F
3-2: Base on Balls
Batting: RHB Toyoshige Ine 0-0: Swinging Strike
0-1: Ball
1-1: Ball
2-1: Foul Ball, location: 2F
2-2: Fly out, F7 (Flyball, 7LS)
Bottom of the 4th over - 0 runs, 0 hits, 0 errors, 1 left on base; Mt. Vernon 0 - Louisiana 0
TOP OF THE 5TH
Mt. Vernon Bulls batting - Pitching for Louisiana Dragoons : RHP Ricardo Ferreira
Batting: RHB Tony Cardenas 0-0: Called Strike
0-1: Ball
1-1: Called Strike
1-2: Ball
2-2: Ball
3-2: Strikes out swinging, 2-3 out at first.
Batting: SHB Roy Snider 0-0: Foul Ball, location: 2F
0-1: Ball
1-1: SINGLE (Line Drive, 78S)
Batting: RHB Hsin-ping Teoh 0-0: Fly out, F9 (Flyball, 89D)
Batting: RHB Jiao-long Xú 0-0: Ball
Roy Snider is caught stealing 2nd base
Top of the 5th over - 0 runs, 1 hit, 0 errors, 0 left on base; Mt. Vernon 0 - Louisiana 0
BOTTOM OF THE 5TH
Louisiana Dragoons batting - Pitching for Mt. Vernon Bulls : LHP Abdul-Nasir Rabah
Batting: LHB Walt Trombly 0-0: Fly out, F8 (Flyball, 8RD)
Batting: RHB Jaime Martínez 0-0: Ball
1-0: Ball
2-0: Ball
3-0: Called Strike
3-1: Swinging Strike
3-2: Foul Ball, location: 2F
3-2: Base on Balls
Batting: LHB Carlos Barrera 0-0: Ground out 5-3 (Groundball, 56)
Jaime Martínez to second
Batting: LHB Javier Seco 0-0: Foul Ball, location: 2F
0-1: Ball
1-1: Foul Ball, location: 2F
1-2: Ball
2-2: Strikes out swinging
Bottom of the 5th over - 0 runs, 0 hits, 0 errors, 1 left on base; Mt. Vernon 0 - Louisiana 0
TOP OF THE 6TH
Mt. Vernon Bulls batting - Pitching for Louisiana Dragoons : RHP Ricardo Ferreira
Batting: RHB Jiao-long Xú 0-0: Ball
1-0: Foul Ball, location: 2F
1-1: Foul Ball, location: 2F
1-2: Ground out 2-3 (Groundball, 15S)
Batting: RHB Ionut Tintoaca 0-0: Ball
1-0: Called Strike
1-1: Foul Ball, location: 2F
1-2: Fly out, F9 (Flyball, 9S)
Batting: RHB Kamakakoa Kaponianani 0-0: Ball
1-0: Foul Ball, location: 2F
1-1: Ground out U3 (Groundball, 34)
Top of the 6th over - 0 runs, 0 hits, 0 errors, 0 left on base; Mt. Vernon 0 - Louisiana 0
BOTTOM OF THE 6TH
Louisiana Dragoons batting - Pitching for Mt. Vernon Bulls : LHP Abdul-Nasir Rabah
Batting: SHB Francisco Enríquez 0-0: Swinging Strike
0-1: Called Strike
0-2: Strikes out looking
Batting: LHB Pancho González 0-0: Called Strike
0-1: Swinging Strike
0-2: Foul Ball, location: 2F
0-2: SOLO HOME RUN (Flyball, 9D), Distance : 394 ft
Batting: RHB Richello Oliva 0-0: Called Strike
0-1: Ball
1-1: Ball
2-1: Foul Ball, location: 2F
2-2: Ball
3-2: Fly out, F9 (Flyball, 89M)
Batting: RHB Spencer Gamble 0-0: Fly out, F7 (Flyball, 7LSF)
Bottom of the 6th over - 1 run, 1 hit, 0 errors, 0 left on base; Mt. Vernon 0 - Louisiana 1
TOP OF THE 7TH
Mt. Vernon Bulls batting - Pitching for Louisiana Dragoons : RHP Ricardo Ferreira
Batting: LHB Tomás Muinos 0-0: Fly out, F8 (Flyball, 8LD)
Batting: RHB Bailey Gribbins 0-0: Ball
1-0: Ball
2-0: Called Strike
2-1: Ball
3-1: Base on Balls
Batting: RHB Modesto González 0-0: Foul Ball, location: 2F
0-1: Ball
1-1: Ball
2-1: Ball
3-1: Foul Ball, location: 2F
3-2: Grounds into double play, 1-4-3 (Groundball, 15)
Top of the 7th over - 0 runs, 0 hits, 0 errors, 0 left on base; Mt. Vernon 0 - Louisiana 1
BOTTOM OF THE 7TH
Louisiana Dragoons batting - Pitching for Mt. Vernon Bulls : LHP Abdul-Nasir Rabah
Batting: RHB Toyoshige Ine 0-0: Called Strike
0-1: Foul Ball, location: 2F
0-2: Reached on error, E6 (Groundball, 6)
Batting: LHB Walt Trombly 0-0: Ball
1-0: Called Strike
1-1: Ball
2-1: Ball
3-1: DOUBLE (Line Drive, 9D)
Toyoshige Ine to third
Runner from 3rd tries for Home, SAFE, no throw
Batting: RHB Jaime Martínez 0-0: Foul Ball, location: 2F
0-1: Ball
1-1: Ball
2-1: Swinging Strike
2-2: SINGLE (Groundball, 4MD)
Walt Trombly to third
Runner from 3rd tries for Home, SAFE, no throw
Pitching: RHP Johnny O'Quinn
Batting: LHB Carlos Barrera 0-0: Sac Bunt - play at first, batter OUT! 2-3
Jaime Martínez to second
Batting: LHB Javier Seco 0-0: Foul Ball, location: 2F
0-1: Ball
1-1: Ball
2-1: Ball
3-1: Base on Balls
Batting: SHB Francisco Enríquez 0-0: Called Strike
0-1: Fly out, F9 (Flyball, 9S)
Batting: LHB Pancho González 0-0: Called Strike
0-1: 3-RUN HOME RUN (Flyball, 9D), Distance : 398 ft
Batting: RHB Richello Oliva 0-0: Ball
1-0: Foul Ball, location: 2F
1-1: Ball
2-1: Ball
3-1: Ground out 5-3 (Groundball, 5S)
Bottom of the 7th over - 5 runs, 3 hits, 1 error, 0 left on base; Mt. Vernon 0 - Louisiana 6
TOP OF THE 8TH
Mt. Vernon Bulls batting - Pitching for Louisiana Dragoons : RHP Ricardo Ferreira
Now at 1B: Alec Hall
Batting: RHB Tony Cardenas 0-0: SINGLE (Groundball, 3) (infield hit)
Batting: SHB Roy Snider 0-0: Foul Ball, location: 2F
0-1: Foul Ball, location: 2F
0-2: Ball
1-2: Fly out, F4 (Line Drive, 4)
Pitching: LHP Rafael Rodríguez
Batting: RHB Hsin-ping Teoh 0-0: Ball
1-0: Called Strike
1-1: Ball
2-1: Ball
3-1: Foul Ball, location: 2F
3-2: Base on Balls
Tony Cardenas to second
Batting: RHB Jiao-long Xú 0-0: Ball
1-0: SINGLE (Flyball, 7LS)
Tony Cardenas to third
Hsin-ping Teoh to second
Runner from 3rd tries for Home, SAFE, no throw
Batting: RHB Ionut Tintoaca 0-0: Called Strike
0-1: Ball
1-1: Ball
2-1: Fly out, F9 (Flyball, 89M)
Batting: RHB Kamakakoa Kaponianani 0-0: Fly out, F7 (Flyball, 7LS)
Top of the 8th over - 1 run, 2 hits, 0 errors, 2 left on base; Mt. Vernon 1 - Louisiana 6
BOTTOM OF THE 8TH
Louisiana Dragoons batting - Pitching for Mt. Vernon Bulls : RHP Johnny O'Quinn
Batting: RHB Spencer Gamble 0-0: Called Strike
0-1: Foul Ball, location: 2F
0-2: Foul Ball, location: 2F
0-2: Ball
1-2: Strikes out swinging
Batting: RHB Toyoshige Ine 0-0: Ball
1-0: Foul Ball, location: 2F
1-1: Foul Ball, location: 2F
1-2: Foul Ball, location: 2F
1-2: Ball
2-2: Ball
3-2: Foul Ball, location: 2F
3-2: Ground out 5-3 (Groundball, 5)
Batting: LHB Walt Trombly 0-0: Ball
1-0: Called Strike
1-1: Ball
2-1: SINGLE (Groundball, 34D)
Batting: RHB Jaime Martínez 0-0: Ball
1-0: Called Strike
1-1: Ball
2-1: Ball
3-1: Base on Balls
Walt Trombly to second
Batting: LHB Carlos Barrera 0-0: Called Strike
0-1: Ball
1-1: Ball
2-1: Ball
3-1: Called Strike
3-2: SINGLE (Line Drive, 78S)
Walt Trombly to third
Jaime Martínez to second
Walt Trombly scores
Jaime Martínez to third
Batting: LHB Alec Hall 0-0: Ball
1-0: Foul Ball, location: 2F
1-1: Ball
2-1: Foul Ball, location: 2F
2-2: Fly out, F7 (Flyball, 78D)
Bottom of the 8th over - 1 run, 2 hits, 0 errors, 2 left on base; Mt. Vernon 1 - Louisiana 7
TOP OF THE 9TH
Mt. Vernon Bulls batting - Pitching for Louisiana Dragoons : LHP Rafael Rodríguez
Batting: LHB Tomás Muinos 0-0: Ball
1-0: Ball
2-0: Called Strike
2-1: Swinging Strike
2-2: Fly out, F8 (Flyball, 8LD)
Batting: RHB Bailey Gribbins 0-0: Foul Ball, location: 2F
0-1: Ball
1-1: Foul Ball, location: 2F
1-2: DOUBLE (Groundball, 5L)
Batting: RHB Modesto González 0-0: Fly out, F9 (Flyball, 9LSF)
Batting: RHB Tony Cardenas 0-0: Ball
1-0: Fly out, F4 (Flyball, 4D)
Top of the 9th over - 0 runs, 1 hit, 0 errors, 1 left on base; Mt. Vernon 1 - Louisiana 7
Friday, March 29th, 2019 - OOTP Baseball 18.8 Build 76